 Dungeon Crawl Stone Soup version 0.24-a0-525-g9231cdc (webtiles) character file.

Game seed: 13889457249544048290

18148 pichaelthompson the Thaumaturge (level 12, -14/94 HPs)
             Began as a Gnoll Skald on July 31, 2019.
             Was an Elder of Ashenzari.
             Killed from afar by a deep elf mage (31 damage)
             ... with a bolt of lightning
             ... on level 12 of the Dungeon.
             The game lasted 00:39:41 (16290 turns).

pichaelthompson the Thaumaturge (Gnoll Skald)      Turns: 16290, Time: 00:39:43

Health: -14/94     AC: 22    Str: 13    XL:     12   Next: 55%
Magic:  24/24      EV: 17    Int: 16    God:    Ashenzari [****..]
Gold:   203        SH:  7    Dex: 22    Spells: 18/28 levels left

rFire    + + .     SeeInvis +   F - +0 trident (curse)
rCold    + . .     Gourm    .   K - +0 buckler (curse)
rNeg     + . .     Faith    .   D - +5 scale mail of Teta {rF+ rC+ rN+ Str-2} (curse)
rPois    .         Spirit   .   B - +2 helmet {SInv} (curse)
rElec    .         Reflect  .   G - +2 cloak
rCorr    .         Harm     .   p - +0 pair of gloves (curse)
MR       .....     Clarity  +   (no boots)
Stlth    +++.......             (no amulet)
HPRegen  0.25/turn              v - ring of protection from fire
MPRegen  0.19/turn              z - +4 ring of dexterity (curse)

@: lethally poisoned (-14 -> -22), about to teleport
A: distributed training, fangs 1, strong nose
a: Curse Item, Scrying, Renounce Religion


You were on level 12 of the Dungeon.
You worshipped Ashenzari.
Ashenzari was greatly pleased with you.
You were not hungry.

You visited 2 branches of the dungeon, and saw 13 of its levels.
You visited the Abyss 1 time.

You collected 582 gold pieces.
You spent 379 gold pieces at shops.

Inventory:

Hand Weapons
 E - a +0 scimitar of flaming
 F - a cursed +0 trident (weapon)
Missiles
 g - 3 boomerangs (quivered)
 n - 63 poisoned darts
Armour
 p - a cursed +0 pair of gloves (worn)
 B - a cursed +2 helmet of see invisible (worn)
 D - the cursed +5 scale mail of Teta (worn) {rF+ rC+ rN+ Str-2}
   (You bought it in a shop on level 6 of the Dungeon)

   It affects your strength (-2).
   It protects you from fire.
   It protects you from cold.
   It protects you from negative energy.
   It has a curse placed upon it.
 G - a +2 cloak (worn)
 K - a cursed +0 buckler (worn)
 O - a +2 pair of gloves
Jewellery
 v - a ring of protection from fire (left hand)
 z - a cursed +4 ring of dexterity (right hand)
 Q - a +2 ring of protection
 R - an uncursed amulet of faith
 S - an uncursed ring of wizardry
Wands
 a - a wand of iceblast (7)
 r - a wand of random effects (30)
 u - a wand of digging (6)
 J - a wand of enslavement (5)
 L - a wand of polymorph (20)
Scrolls
 c - 2 scrolls of enchant weapon {unknown}
 e - 7 scrolls of teleportation
 h - a scroll of magic mapping {unknown}
 i - 2 scrolls of remove curse
 k - a scroll of enchant armour
 t - a scroll of noise {unknown}
 x - 2 scrolls of random uselessness {unknown}
 y - a scroll of fog {unknown}
 I - a scroll of acquirement {unknown}
 N - 3 scrolls of torment {unknown}
 P - 3 scrolls of vulnerability {unknown}
 T - a scroll of immolation {unknown}
 U - a scroll of amnesia {unknown}
Potions
 b - a potion of agility
 f - 3 potions of magic
 j - 6 potions of curing
 l - 3 potions of mutation
 m - a potion of berserk rage {unknown}
 o - 5 potions of haste
 q - 4 potions of lignification
 s - 2 potions of heal wounds
 w - 2 potions of ambrosia
 A - 5 potions of flight
 C - a potion of invisibility {unknown}
 H - 2 potions of might
 M - 2 potions of brilliance {unknown}
Comestibles
 d - 22 rations


   Skills:
 + Level 8.7 Fighting
 + Level 7.2 Short Blades
 + Level 7.2 Long Blades
 + Level 7.2 Axes
 + Level 7.2 Maces & Flails
 + Level 8.7(12.1) Polearms
 + Level 7.2 Staves
 + Level 7.2 Slings
 + Level 7.2 Bows
 + Level 7.2 Crossbows
 + Level 7.2 Throwing
 + Level 7.8(10.1) Armour
 + Level 8.7(10.9) Dodging
 + Level 7.2 Stealth
 + Level 7.2(9.6) Shields
 + Level 7.2 Unarmed Combat
 + Level 8.9 Spellcasting
 + Level 6.0 Conjurations
 + Level 6.0 Hexes
 + Level 8.2 Charms
 + Level 6.0 Summonings
 + Level 6.0 Necromancy
 + Level 6.0 Translocations
 + Level 6.0 Transmutations
 + Level 6.0 Fire Magic
 + Level 6.0 Ice Magic
 + Level 6.0 Air Magic
 + Level 6.0 Earth Magic
 + Level 6.0 Poison Magic
 + Level 8.0 Invocations
 + Level 7.2 Evocations


You had 18 spell levels left.
You knew the following spells:

 Your Spells              Type           Power        Failure   Level  Hunger
a - Infusion              Chrm           ####         1%          1    None
b - Spectral Weapon       Hex/Chrm       ####....     5%          3    #......
c - Regeneration          Chrm/Necr      ####......   5%          3    #......
d - Swiftness             Chrm/Air       ####....     2%          2    None
e - Shock                 Conj/Air       ####         3%          1    None

Your spell library contained the following spells:

 Spells                   Type           Power        Failure   Level  Hunger
 Song of Slaying          Chrm           ####....     1%          2    None
 Shroud of Golubria       Chrm/Tloc      ####..       2%          2    None
 Animate Skeleton         Necr           N/A          3%          1    None
 Apportation              Tloc           ####..       3%          1    None
 Confusing Touch          Hex            ####..       3%          1    None
 Freeze                   Ice            ####         3%          1    None
 Summon Small Mammal      Summ           ####         3%          1    None
 Throw Frost              Conj/Ice       ####..       4%          2    None
 Ozocubu's Armour         Chrm/Ice       ####....     5%          3    #......
 Static Discharge         Conj/Air       ####....     9%          3    #......
 Airstrike                Air            ####......   28%         4    ###....
 Summon Ice Beast         Ice/Summ       ####....     28%         4    ###....
 Throw Icicle             Conj/Ice       ####....     28%         4    ###....
 Lightning Bolt           Conj/Air       ####......   63%         5    #####..


Dungeon Overview and Level Annotations

Branches:
Dungeon (12/15)            Temple (1/1) D:4            Lair (0/6) D:8
    Orc (0/2) D:12

Altars:
Ashenzari
Cheibriados
Dithmenos
Elyvilon
Fedhas
Gozag
Hepliaklqana
Kikubaaqudgha
Makhleb
Nemelex Xobeh
Okawaru
Qazlal
Ru
Sif Muna
Trog
Uskayaw
Vehumet
Wu Jian
Xom
Yredelemnul
Zin
The Shining One

Shops:
D:6 *   D:8 }   D:9 [


Innate Abilities, Weirdness & Mutations

Your experience applies equally to all skills.
You have very sharp teeth.
Your uncanny sense of smell can sniff out nearby items.


Message History

You puncture the wizard!
The wizard is almost dead.
You feel sick.
The wizard gestures wildly while chanting.
The wizard flickers and vanishes for a moment.
The ogre mage gestures wildly while chanting.
The ogre mage flickers and vanishes for a moment.
You closely miss the wizard.
The wizard is almost dead.
You feel sick.
The ogre mage casts a spell.
The ogre mage blinks!
The deep elf mage points at you and mumbles some strange words.
The bolt of lightning hits the wizard!!
The wizard dies!
Your Invocations skill increases to level 8!
The bolt of lightning hits you!
* * * LOW HITPOINT WARNING * * *
The bolt of lightning hits you!!
You die...

*≈ , , *≈ * ##.......
≈**.#...O.......*#≈.......
**≈ ..........., ##..#####
≈ #...#...# *##≈..# # ,, *
, .#...#., ≈#≈...# # ≈
§Oep., ###...# # ≈ * ≈e§*
###≈....# # ,,. ≈
#*#)####≈#.....# # **,
...≈#≈#@#≈#≈.......# # *
,...................#
####################


You could see 2 ogre magi, 2 deep elf magi and a wizard.

Vanquished Creatures
  Erica (D:10)
  3 two-headed ogres
  3 wizards
  2 unseen horrors
  An orc sorcerer (D:8)
  A deep elf mage (D:12)
  An ugly thing (D:11)
  Psyche (D:9)
  Maurice (D:10)
  3 trolls
  A hornet (D:10)
  2 hippogriffs
  Sigmund (D:2)
  A shadow (D:11)
  A water elemental (D:12)
  3 humans
  13 yaks
  A hungry ghost (D:7)
  Grum (D:10)
  4 hogs (D:8)
  A steam dragon (D:8)
  Menkaure (D:4)
  3 wargs (D:12)
  2 soldier ants
  Duvessa (D:4)
  A water moccasin (D:11)
  2 orc warriors
  7 ice beasts
  2 sky beasts
  4 black bears
  A phantom (D:10)
  A necrophage (D:7)
  3 ogres
  4 wolves (D:10)
  7 centaurs
  2 big kobolds (D:11)
  7 bullfrogs
  Dowan (D:4)
  A water moccasin zombie (D:8)
  3 scorpions
  A wyvern skeleton (D:8)
  A water moccasin skeleton (D:6)
  2 electric eels (D:12)
  2 howler monkeys (D:8)
  7 crimson imps
  A quasit (D:11)
  2 jellies
  4 hounds
  A bullfrog zombie (D:8)
  A centaur skeleton (D:4)
  5 orc priests
  Ijyb (D:4)
  2 iguanas
  4 orc wizards
  7 worker ants
  A killer bee zombie (D:7)
  2 hound skeletons
  A worker ant zombie (D:9)
  5 adders
  An ooze (D:2)
  4 worms
  4 dart slugs
  6 leopard geckos
  19 orcs
  2 giant cockroaches
  5 goblins
  4 hobgoblins
  7 jackals
  16 kobolds
  5 quokkas
  8 bats
  3 frilled lizards
  A jackal skeleton (D:5)
  5 rats
239 creatures vanquished.

Vanquished Creatures (others)
  2 wizards (D:12)
  An ice beast (D:9)
  A jelly (D:9)
  2 jackals (D:9)
  6 spectral weapons
12 creatures vanquished.

Grand Total: 251 creatures vanquished

Notes
Turn   | Place    | Note
-------+----------+-------------------------------------------
     0 | D:1      | pichaelthompson the Gnoll Skald began the quest for the
                  | Orb.
     0 | D:1      | Reached XP level 1. HP: 20/20 MP: 6/6
    65 | D:1      | HP: 1/20 [dart slug (1)]
    66 | D:1      | Reached XP level 2. HP: 2/26 MP: 7/7
   923 | D:2      | Reached XP level 3. HP: 30/31 MP: 9/9
   992 | D:2      | Learned a level 3 spell: Spectral Weapon
   996 | D:2      | Learned a level 3 spell: Regeneration
  1016 | D:2      | Reached skill level 5 in Spellcasting
  1376 | D:2      | Noticed Sigmund
  1391 | D:2      | Killed Sigmund
  1391 | D:2      | Reached skill level 1 in Short Blades
  1391 | D:2      | Reached skill level 1 in Long Blades
  1391 | D:2      | Reached skill level 1 in Axes
  1391 | D:2      | Reached skill level 1 in Maces & Flails
  1391 | D:2      | Reached skill level 1 in Staves
  1391 | D:2      | Reached skill level 1 in Slings
  1391 | D:2      | Reached skill level 1 in Bows
  1391 | D:2      | Reached skill level 1 in Crossbows
  1391 | D:2      | Reached skill level 1 in Throwing
  1391 | D:2      | Reached skill level 1 in Stealth
  1391 | D:2      | Reached skill level 1 in Shields
  1391 | D:2      | Reached skill level 1 in Unarmed Combat
  1391 | D:2      | Reached skill level 1 in Conjurations
  1391 | D:2      | Reached skill level 1 in Hexes
  1391 | D:2      | Reached skill level 1 in Summonings
  1391 | D:2      | Reached skill level 1 in Necromancy
  1391 | D:2      | Reached skill level 1 in Translocations
  1391 | D:2      | Reached skill level 1 in Transmutations
  1391 | D:2      | Reached skill level 1 in Fire Magic
  1391 | D:2      | Reached skill level 1 in Ice Magic
  1391 | D:2      | Reached skill level 1 in Air Magic
  1391 | D:2      | Reached skill level 1 in Earth Magic
  1391 | D:2      | Reached skill level 1 in Poison Magic
  1391 | D:2      | Reached skill level 1 in Invocations
  1391 | D:2      | Reached skill level 1 in Evocations
  1391 | D:2      | Reached XP level 4. HP: 29/38 MP: 8/11
  1391 | D:2      | Reached XP level 5. HP: 33/43 MP: 8/12
  1761 | D:3      | Found a basalt altar of Yredelemnul.
  1820 | D:3      | Found a glowing golden altar of the Shining One.
  2380 | D:4      | Reached XP level 6. HP: 33/50 MP: 13/13
  2592 | D:4      | Noticed Dowan
  2593 | D:4      | Noticed Duvessa
  2617 | D:4      | Killed Duvessa
  2617 | D:4      | Reached skill level 5 in Fighting
  2617 | D:4      | Reached skill level 5 in Polearms
  2617 | D:4      | Reached skill level 5 in Dodging
  2633 | D:4      | Killed Dowan
  3139 | D:4      | Reached XP level 7. HP: 52/56 MP: 15/15
  3450 | D:4      | Noticed Ijyb
  3462 | D:4      | Killed Ijyb
  3601 | D:4      | Found a staircase to the Ecumenical Temple.
  3735 | D:4      | Noticed Menkaure
  3753 | D:5      | Entered Level 5 of the Dungeon
  4120 | D:4      | Killed Menkaure
  4304 | Temple   | Entered the Ecumenical Temple
  4329 | Temple   | Became a worshipper of Ashenzari the Shackled
  4893 | D:5      | Found a shattered altar of Ashenzari.
  5978 | D:5      | Found a shimmering altar of Xom.
  6171 | D:5      | Reached * piety under Ashenzari
  6380 | D:6      | Reached XP level 8. HP: 50/63 MP: 12/16
  6603 | D:6      | Noticed a hippogriff
  6616 | D:6      | Killed a hippogriff
  6781 | D:6      | Found Qourph's Assorted Antiques.
  6784 | D:6      | Bought a transparent scale mail for 198 gold pieces
  6794 | D:6      | Identified the +5 scale mail of Teta {rF+ rC+ rN+ Str-2}
                  | (You bought it in a shop on level 6 of the Dungeon)
  6808 | D:6      | Found a white marble altar of Elyvilon.
  7595 | D:7      | Reached XP level 9. HP: 48/69 MP: 9/18
  8830 | D:7      | Found a white marble altar of Elyvilon.
  8830 | D:7      | Found a glowing silver altar of Zin.
  8849 | D:7      | Reached skill level 5 in Armour
  8948 | D:7      | Found a hide-covered altar of Uskayaw.
  9169 | D:8      | Reached ** piety under Ashenzari
  9198 | D:8      | Reached skill level 5 in Invocations
  9381 | D:8      | Noticed a wizard
  9384 | D:8      | Paralysed by a wizard for 5 turns
  9396 | D:8      | Killed a wizard
  9396 | D:8      | Reached XP level 10. HP: 68/77 MP: 14/20
  9398 | D:8      | Noticed an orc sorcerer
  9410 | D:8      | Noticed a soul eater
  9410 | D:8      | Killed an orc sorcerer
  9410 | D:8      | Reached skill level 5 in Short Blades
  9410 | D:8      | Reached skill level 5 in Long Blades
  9410 | D:8      | Reached skill level 5 in Axes
  9410 | D:8      | Reached skill level 5 in Maces & Flails
  9410 | D:8      | Reached skill level 5 in Staves
  9410 | D:8      | Reached skill level 5 in Slings
  9410 | D:8      | Reached skill level 5 in Bows
  9410 | D:8      | Reached skill level 5 in Crossbows
  9410 | D:8      | Reached skill level 5 in Throwing
  9410 | D:8      | Reached skill level 5 in Stealth
  9410 | D:8      | Reached skill level 5 in Shields
  9410 | D:8      | Reached skill level 5 in Unarmed Combat
  9410 | D:8      | Reached skill level 5 in Evocations
  9896 | D:8      | Found a staircase to the Lair.
  9923 | D:8      | Found a bloodstained altar of Trog.
  9949 | D:8      | Found a hide-covered altar of Uskayaw.
 10008 | D:8      | Found Fymoamots's Gadget Shop.
 10169 | D:8      | Learned a level 2 spell: Swiftness
 10171 | D:8      | Learned a level 1 spell: Shock
 10225 | D:8      | Found an ancient bone altar of Kikubaaqudgha.
 10292 | D:8      | Noticed a wizard
 10295 | D:8      | Paralysed by a wizard for 4 turns
 10310 | D:8      | Killed a wizard
 10665 | D:9      | Noticed Psyche
 10679 | D:9      | Killed Psyche
 10983 | D:9      | Found Afofraqo's Armour Emporium.
 11015 | D:9      | Noticed a two-headed ogre
 11152 | D:9      | Bought a cursed +0 buckler for 16 gold pieces
 11196 | D:9      | Found a snail-covered altar of Cheibriados.
 11245 | D:9      | Killed a two-headed ogre
 11245 | D:9      | Reached XP level 11. HP: 84/84 MP: 18/22
 11385 | D:10     | Entered Level 10 of the Dungeon
 11700 | D:10     | Reached *** piety under Ashenzari
 11720 | D:10     | Noticed Grum
 11732 | D:10     | Killed Grum
 11981 | D:10     | Reached skill level 5 in Conjurations
 11981 | D:10     | Reached skill level 5 in Hexes
 11981 | D:10     | Reached skill level 5 in Summonings
 11981 | D:10     | Reached skill level 5 in Necromancy
 11981 | D:10     | Reached skill level 5 in Translocations
 11981 | D:10     | Reached skill level 5 in Transmutations
 11981 | D:10     | Reached skill level 5 in Fire Magic
 11981 | D:10     | Reached skill level 5 in Ice Magic
 11981 | D:10     | Reached skill level 5 in Air Magic
 11981 | D:10     | Reached skill level 5 in Earth Magic
 11981 | D:10     | Reached skill level 5 in Poison Magic
 11989 | D:10     | Found a stormy altar of Qazlal.
 12166 | D:10     | Noticed Maurice
 12173 | D:10     | Noticed Erica
 12181 | D:10     | Killed Maurice
 12202 | D:10     | Killed Erica
 12777 | D:6      | Bought a glowing helmet for 165 gold pieces
 12920 | D:11     | Noticed a two-headed ogre
 12933 | D:11     | Killed a two-headed ogre
 13541 | D:11     | Found an iron altar of Okawaru.
 13894 | D:11     | Noticed a two-headed ogre
 13896 | D:11     | Noticed an unseen horror
 13902 | D:11     | Killed a two-headed ogre
 13924 | D:11     | Killed an unseen horror
 13924 | D:11     | Reached XP level 12. HP: 77/93 MP: 24/24
 15108 | D:11     | Reached **** piety under Ashenzari
 16045 | D:12     | Found a staircase to the Orcish Mines.
 16236 | D:12     | Noticed an ogre mage
 16240 | D:12     | Noticed an ogre mage
 16260 | D:12     | Cast into level 2 of the Abyss (a wizard)
 16286 | D:12     | Escaped the Abyss
 16290 | D:12     | Killed from afar by a deep elf mage

Levels and vault maps discovered:
D:1:      wheals_arrival_shading, layout_basic, chequers_serial_rivers_small_a,
          minmay_misc_feat_iff
D:2:      layout_basic, uniq_sigmund
D:3:      layout_rooms, yredelemnul_altar_generic, nicolae_tso_carved_into_rock,
          serial_glass, glass_columns_b, glass_columns_b,
          minmay_strange_pillars, minmay_strange_pillars, first_ration,
          serial_bayou_pond_d
D:4:      layout_loops_ring, temple_statues, uniq_duvessa, uniq_ijyb,
          uniq_menkaure
D:5:      layout_layer_cave, kennysheep_mini, basic_altar, hex_medium
D:6:      layout_cave_pods, serial_shops, kennysheep_mini_moat, basic_altar
D:7:      layout_basic, gammafunk_temple_overflow_wave, basic_altar
D:8:      cheibrodos_wizards_tower, layout_basic,
          nicolae_overflow_crystal_walls, eat_drink_and_be_merry_uskayaw,
          lair_entry_dummy, serial_shops, shop, grunt_livestock,
          trog_three_pillars_becter
D:9:      layout_cave_pools, lemuel_doored_altar, serial_shops, shop,
          lemuel_flamethrower_2, uniq_psyche
D:10:     layout_stronghold, chequers_garden, grunt_ministairs_15,
          nicolae_qazlal_style_of_elements, uniq_erica, uniq_grum, uniq_maurice
D:11:     layout_grid_maze, kennysheep_minor_cross, okawaru_humans
D:12:     layout_basic, minmay_orc_entry_guard_dogs, chequers_avenue,
          minmay_guarded_unrand_prune, uniq_erolcha
Temple:   eino_temple_water

Skill      XL: |  1  2  3  4  5  6  7  8  9 10 11 12 |
---------------+-------------------------------------+-----
Spellcasting   | 5 6 7 8 |  8.9
Short Blades   | 1 2 3 4 5 6 7 |  7.2
Long Blades    | 1 2 3 4 5 6 7 |  7.2
Axes           | 1 2 3 4 5 6 7 |  7.2
Maces & Flails | 1 2 3 4 5 6 7 |  7.2
Staves         | 1 2 3 4 5 6 7 |  7.2
Slings         | 1 2 3 4 5 6 7 |  7.2
Bows           | 1 2 3 4 5 6 7 |  7.2
Crossbows      | 1 2 3 4 5 6 7 |  7.2
Throwing       | 1 2 3 4 5 6 7 |  7.2
Armour         | 3 4 5 6 7 |  7.8
Stealth        | 1 2 3 4 5 6 7 |  7.2
Shields        | 1 2 3 4 5 6 7 |  7.2
Unarmed Combat | 1 2 3 4 5 6 7 |  7.2
Conjurations   | 1 2 3 4 5 6 |  6.0
Hexes          | 1 2 3 4 5 6 |  6.0
Summonings     | 1 2 3 4 5 6 |  6.0
Necromancy     | 1 2 3 4 5 6 |  6.0
Translocations | 1 2 3 4 5 6 |  6.0
Transmutations | 1 2 3 4 5 6 |  6.0
Fire Magic     | 1 2 3 4 5 6 |  6.0
Ice Magic      | 1 2 3 4 5 6 |  6.0
Air Magic      | 1 2 3 4 5 6 |  6.0
Earth Magic    | 1 2 3 4 5 6 |  6.0
Poison Magic   | 1 2 3 4 5 6 |  6.0
Invocations    | 1 2 3 4 5 6 7 8 |  8.0
Evocations     | 1 2 3 4 5 6 7 |  7.2
Fighting       | 5 6 7 8 |  8.7
Polearms       | 5 6 7 8 |  8.7
Dodging        | 5 6 7 8 |  8.7
Charms         | 6 7 8 |  8.2

Action                   |  1- 3 |  4- 6 |  7- 9 | 10-12 || total
-------------------------+-------+-------+-------+-------++-------
Melee: Spear             |   143 |   156 |   302 |       ||   601
       Bite              |    13 |    16 |    55 |    94 ||   178
       Punch             |       |       |     8 |     1 ||     9
       Trident           |       |       |   157 |   663 ||   820
Throw: Dart              |       |       |     2 |    19 ||    21
       Boomerang         |       |       |       |    19 ||    19
 Cast: Spectral Weapon   |     1 |     1 |    22 |    39 ||    63
       Regeneration      |       |     1 |     3 |     6 ||    10
       Swiftness         |       |       |       |     1 ||     1
Invok: Curse Item        |       |       |     1 |     2 ||     3
Evoke: Wand              |       |       |       |     2 ||     2
  Use: Scroll            |       |       |     9 |     7 ||    16
 Stab: Distracted        |       |       |     2 |    10 ||    12
       Sleeping          |       |       |     2 |     7 ||     9
       Invisible         |       |       |       |     1 ||     1
  Eat: Chunk             |     1 |     5 |    14 |    13 ||    33
       Ration            |       |       |     3 |     3 ||     6
Armor: Leather armour    |     1 |       |       |       ||     1
       Ring mail         |    37 |    31 |    34 |       ||   102
       Scale mail        |       |       |    71 |   209 ||   280
Dodge: Dodged            |    94 |    78 |   251 |   320 ||   743
Block: Buckler           |       |       |       |   162 ||   162

Table legend:
 A = Non-vault XP
 B = Vault XP
 C = Vault XP percentage of total XP
 D = Non-vault monster count
 E = Vault monster count
 F = Vault count percentage of total count
                 A         B        C        D         E       F
            +---------+---------+-------+---------+---------+-------
      Total |   16594 |    9333 |  36.0 |     209 |      32 |  13.3
            +---------+---------+-------+---------+---------+-------
        D:1 |      32 |       0 |   0.0 |      15 |       0 |   0.0
        D:2 |      37 |     205 |  84.7 |      10 |       1 |   9.1
        D:3 |      44 |       0 |   0.0 |      17 |       0 |   0.0
        D:4 |     180 |     435 |  70.7 |      14 |       4 |  22.2
        D:5 |     255 |       0 |   0.0 |       6 |       0 |   0.0
        D:6 |    1155 |       0 |   0.0 |      26 |       0 |   0.0
        D:7 |    1131 |       0 |   0.0 |      16 |       0 |   0.0
        D:8 |    1325 |    3088 |  70.0 |      23 |       8 |  25.8
        D:9 |    1270 |     434 |  25.5 |       5 |       1 |  16.7
       D:10 |    1811 |    2238 |  55.3 |      16 |       9 |  36.0
       D:11 |    7526 |     382 |   4.8 |      51 |       2 |   3.8
       D:12 |    1828 |    2551 |  58.3 |      10 |       7 |  41.2
            +---------+---------+-------+---------+---------+-------
